 Dungeon Crawl Stone Soup version 0.26-a0-646-g5d7718319a (webtiles) character file.

Game seed: 8975557562948170585

29 DogServant the Gusty (level 3, 1/19 HPs)
             Began as a Tengu Air Elementalist on Sept 23, 2020.
             Quit the game on level 3 of the Dungeon.
             The game lasted 00:02:21 (1561 turns).

DogServant the Gusty (Tengu Air Elementalist)       Turns: 1561, Time: 00:02:22

Health: 1/19       AC:  2    Str:  8    XL:     3   Next: 16%
Magic:  4/7        EV: 13    Int: 18    God:
Gold:   54         SH:  0    Dex: 16    Spells: 4/7 levels left

rFire    . . .     SeeInvis .   (no weapon)
rCold    . . .     Faith    .   (no shield)
rNeg     . . .     Spirit   .   a - +0 robe
rPois    .         Reflect  .   (helmet restricted)
rElec    .         Harm     .   (no cloak)
rCorr    .         Rampage  .   (no gloves)
MR       .....     Clarity  +   (boots unavailable)
Stlth    ++........             b - amulet of inaccuracy (curse)
HPRegen  0.06/turn              (no ring)
MPRegen  0.10/turn              (no ring)

@: lethally poisoned (1 -> -1)
A: beak, talons 3, agile 1, blurry vision 1, clarity, clever 1
a: no special abilities


You were on level 3 of the Dungeon.
You visited 1 branch of the dungeon, and saw 3 of its levels.

You collected 54 gold pieces.

Inventory:

Armour
 a - a +0 robe (worn)
Jewellery
 b - a cursed amulet of inaccuracy (around neck)
Scrolls
 c - a scroll of remove curse
 d - 2 scrolls of noise


   Skills:
 - Level 2.1 Dodging
 - Level 2.0 Stealth
 + Level 2.5 Spellcasting
 + Level 2.5 Conjurations
 + Level 4.5 Air Magic


You had 4 spell levels left.
You knew the following spells:

 Your Spells              Type           Power        Failure   Level
a - Shock                 Conj/Air       ###.         4%          1
b - Swiftness             Air            ###.....     4%          2

Your spell library contained the following spells:

 Spells                   Type           Power        Failure   Level
 Static Discharge         Conj/Air       ###.....     12%         3
 Airstrike                Air            ###.......   26%         4
 Lightning Bolt           Conj/Air       ###.......   73%         5


Dungeon Overview and Level Annotations

Branches:
Dungeon (3/15)

Altars:
Wu Jian


Innate Abilities, Weirdness & Mutations

You have a beak for a mouth.
You have claws for feet.
You are agile. (Dex +2)
Scrolls take you a little longer to read.
You possess an exceptional clarity of mind.
Your mind is acute. (Int +2)


Message History

b - a cursed amulet of inaccuracy (around neck)
There is a lethal amount of poison in your body!
* * * LOW HITPOINT WARNING * * *
You feel sick.
Found a chunky leatherbound book.
* * * LOW HITPOINT WARNING * * *
You feel sick.
There is a stone staircase leading down here.
You climb downwards.
There is a stone staircase leading up here.
You aren't carrying any potions.
You aren't carrying any potions.
Okay, then.
You aren't carrying any potions.
Okay, then.
There is a lethal amount of poison in your body!
There is a lethal amount of poison in your body!
There is a lethal amount of poison in your body!
There is a lethal amount of poison in your body!
Are you sure you want to abandon this character and quit the game? (Confirm with "yes".)

## .. #.
#.#########
#..@.......
#......####
#......#
#.......#
#.......#
#.......#
..###....
### .....


There were no monsters in sight!

Vanquished Creatures
  An adder (D:2)
  A dart slug (D:1)
  A leopard gecko (D:2)
  3 bats (D:1)
  A giant cockroach (D:1)
  4 goblins
  2 hobgoblins (D:1)
  A kobold (D:1)
  2 rats (D:1)
16 creatures vanquished.

Notes
Turn   | Place    | Note
-------+----------+-------------------------------------------
     0 | D:1      | DogServant the Tengu Air Elementalist began the quest for
                  | the Orb.
     0 | D:1      | Reached XP level 1. HP: 10/10 MP: 4/4
   413 | D:1      | Reached XP level 2. HP: 15/15 MP: 4/6
  1357 | D:1      | Found an ornate altar of the Wu Jian Council.
  1521 | D:2      | Learned a level 2 spell: Swiftness
  1533 | D:2      | Reached XP level 3. HP: 9/19 MP: 1/7
  1535 | D:2      | Gained mutation: You possess an exceptional clarity of
                  | mind. [potion of mutation]
  1535 | D:2      | Gained mutation: You are agile. (Dex +2) [potion of
                  | mutation]
  1535 | D:2      | Gained mutation: Scrolls take you a little longer to read.
                  | [potion of mutation]
  1535 | D:2      | Gained mutation: Your mind is acute. (Int +2) [potion of
                  | mutation]
  1561 | D:3      | Quit the game

Illustrated notes

Levels and vault maps discovered:
D:1:      dpeg_arrival_water_altar, layout_basic, nrook_uturn
D:2:      minmay_razor_zed, layout_basic, grunt_ministairs_14
D:3:      layout_basic, gammafunk_ghost_abyssal_escape

Skill      XL: |  1  2 |
---------------+-------+-----
Conjurations   | 2 |  2.5
Dodging        | |  2.1
Stealth        | |  2.0
Spellcasting   | |  2.5
Air Magic      | |  4.5

Action                   || total
-------------------------++-------
Melee: Unarmed           ||     3
       Kick              ||     1
 Cast: Shock             ||    35
  Use: Scroll            ||     3
       Potion            ||     2
Armor: Robe              ||     1
Dodge: Dodged            ||     4

Table legend: (Time is in decaauts)
 A = Elapsed time spent in this place.
 B = Non-inter-level travel time spent in this place.
 C = Inter-level travel time spent in this place.
 D = Time resting spent in this place.
 E = Time spent auto-exploring this place.
 F = Levels seen in this place.
 G = Mean time per level.
                   A        B        C        D        E       F      G
               +--------+--------+--------+--------+--------+-----+--------+
         Total |   1563 |   1545 |     18 |     76 |   1368 |   3 |  521.0 |
       Dungeon |   1563 |   1545 |     18 |     76 |   1368 |   3 |  521.0 |
               +--------+--------+--------+--------+--------+-----+--------+

Top non-repeatable levels by time:
     D:1: 1385 daAuts
     D:2: 177 daAuts
     D:3: 0 daAuts
